Map: Breakwater LE

Players

Watermeloann

  • Race: Zerg Zerg
  • League: Master
  • Spawn Location: 1:00

xetech

  • Race: Protoss Protoss
  • Spawn Location: 1:00

Gavin

  • Race: Terran Terran
  • League: Master
  • Spawn Location: 7:00

AzNSuPaHeWo

  • Race: Zerg Zerg
  • Spawn Location: 7:00

VOD

Have the link to the VOD?

Description

Time

  • Played on: June 15, 2025, 11:45 a.m.
  • Length: 10:20
Show
View Real Time Build Order
Export as new Build Order

Watermeloann Zerg 

Build Orders: Hatch First 

Get SALT Encoding   

  12  0:00  Drone  
  13  0:12  Overlord  
  13  0:17  Drone  
  14  0:31  Drone x2  
  16  0:51  Drone  
  16  0:52  Hatchery  
  16  0:53  Drone  
  17  1:06  Extractor  
  17  1:09  Spawning Pool  
  15  1:14  Drone  
  15  1:16  Drone  
  17  1:22  Drone  
  18  1:31  Drone  
  19  1:46  Drone  
  20  1:57  Queen  
  20  1:59  Overlord  
  22  2:05  Metabolic Boost  
  22  2:07  Zergling x2  
  24  2:08  Zergling x2  
  24  2:14  Queen  
  26  2:18  Drone  
  27  2:28  Baneling Nest  
  27  2:29  Zergling x4  
  28  2:35  Spore Crawler  
  27  2:37  Zergling x2  
  27  2:43  Drone x2  
  31  2:47  Overlord  
  31  2:51  Zergling x2  
  32  2:56  Zergling x2  
  33  3:01  Zergling x2  
  34  3:06  Zergling x2  
  35  3:14  Drone  
  35  3:15  Drone x3  
  39  3:20  Baneling  
  39  3:21  Baneling  
  39  3:31  Hatchery  
  38  3:35  Overlord  
  38  3:41  Overlord  
  38  3:54  Drone x2  
  38  3:55  Drone x4  
  43  4:05  Drone x3  
  46  4:11  Zergling x2  
  48  4:20  Zergling x4  
  42  4:31  Zergling x4, Hatchery  
  42  4:32  Zergling x10  
  42  4:35  Lair  
  48  4:41  Zergling x2  
  48  4:43  Zergling x2  
  51  4:50  Baneling x3  
  51  4:51  Baneling  
  48  4:56  Zergling x8  
  45  5:12  Overlord x2  
  45  5:13  Overlord  
  44  5:15  Extractor  
  44  5:16  Extractor  
  44  5:18  Extractor  
  44  5:19  Baneling x6  
  41  5:30  Drone x4, Hatchery  
  41  5:33  Drone x2  
  41  5:34  Drone x2  
  48  5:41  Drone  
  50  5:42  Drone  
  49  5:51  Drone  
  49  5:55  Drone x4  
  54  5:58  Spire  
  54  6:03  Drone x4  
  57  6:09  Zergling x2  
  58  6:12  Overlord  
  58  6:15  Hatchery  
  57  6:21  Zergling x2  
  57  6:24  Zergling x2  
  57  6:25  Zergling x4  
  59  6:32  Drone  
  60  6:33  Drone x3  
  60  6:39  Extractor  
  62  6:41  Drone x2  
  62  6:44  Extractor  
  63  6:47  Queen  
  63  6:48  Drone x3  
  67  7:10  Drone x4  
  67  7:14  Mutalisk x5  
  81  7:17  Overlord  
  81  7:20  Overlord x2  
  81  7:28  Hatchery  
  81  7:29  Centrifugal Hooks  
  80  7:30  Mutalisk  
  80  7:35  Mutalisk x4  
  90  7:38  Drone  
  90  7:39  Drone x2  
  93  7:45  Evolution Chamber  
  93  7:46  Evolution Chamber  
  93  7:47  Drone x2  
  93  7:51  Mutalisk x3  
  91  8:00  Mutalisk x2  
  91  8:02  Zergling x4  
  91  8:03  Zergling x4  
  91  8:10  Mutalisk x2  
  93  8:17  Hatchery  
  93  8:19  Drone x2  
  95  8:20  Drone x2  
  94  8:28  Mutalisk x2  
  94  8:33  Zergling x4  
  78  8:41  Mutalisk  
  80  8:53  Overlord  
  69  9:19  Mutalisk  
  69  9:30  Hatchery  
  68  9:51  Overlord x3  
  68  9:54  Hatchery  
Show
View Real Time Build Order
Export as new Build Order

xetech Protoss 

Build Orders: Blink Stalkers 

Get SALT Encoding   

  12  0:00  Probe  
  13  0:12  Probe  
  14  0:18  Pylon  
  14  0:24  Probe  
  15  0:32  Probe  
  15  0:41  Probe  
  15  0:42  Gateway  
  16  0:46  Assimilator  
  17  0:51  Probe  
  18  1:03  Probe  
  19  1:15  Probe  
  20  1:27  Probe  
  21  1:36  Cybernetics Core  
  21  1:46  Nexus, Assimilator  
  21  1:52  Pylon  
  21  1:55  Probe  
  22  2:02  Stalker  
  22  2:08  Probe  
  23  2:15  Warp Gate  
  25  2:20  Probe  
  26  2:28  Twilight Council  
  26  2:30  Stalker  
  28  2:37  Probe  
  29  2:45  Blink  
  29  2:51  Gateway  
  29  3:00  Gateway  
  29  3:04  Shield Battery  
  28  3:17  Stalker  
  28  3:23  Probe  
  28  3:26  Probe  
  31  3:43  Probe  
  32  3:52  Probe  
  33  3:56  Probe  
  33  3:57  Pylon  
  34  4:03  Stalker  
  34  4:04  Stalker x2  
  34  4:07  Probe  
  41  4:17  Gateway  
  41  4:22  Probe  
  41  4:23  Probe  
  43  4:30  Stalker x2  
  47  4:34  Probe  
  48  4:38  Pylon  
  48  4:40  Probe  
  49  4:46  Probe  
  50  5:01  Stalker x3  
  50  5:15  Probe  
  50  5:18  Probe  
  50  5:19  Robotics Facility  
  50  5:20  Stalker  
  50  5:21  Pylon  
  54  5:27  Assimilator, Probe  
  55  5:32  Probe  
  56  5:39  Probe  
  57  5:46  Probe  
  57  5:49  Stalker  
  60  5:52  Nexus  
  60  6:00  Probe x2  
  58  6:12  Probe  
  58  6:15  Probe  
  58  6:16  Robotics Bay  
  58  6:17  Stalker x4  
  68  6:24  Probe  
  69  6:27  Assimilator, Probe  
  69  6:28  Pylon  
  70  6:41  Pylon x2  
  70  6:44  Forge  
  70  6:46  Probe x2  
  72  6:50  Observer  
  73  6:58  Probe, Stalker x2  
  73  6:59  Probe  
  73  7:01  Colossus  
  79  7:10  Probe  
  79  7:12  Protoss Ground Weapons Level 1, Probe  
  79  7:13  Extended Thermal Lance, Probe  
  88  7:23  Probe  
  88  7:25  Pylon  
  88  7:26  Probe x2  
  91  7:31  Pylon  
  91  7:34  Stalker  
  91  7:35  Probe  
  94  7:37  Stalker  
  94  7:40  Probe x2  
  98  7:46  Colossus  
  98  7:53  Stalker x2  
  98  7:58  Probe  
  109  8:09  Probe  
  109  8:10  Probe  
  111  8:25  Stalker x2  
  111  8:26  Stalker x2  
  103  8:29  Probe x3  
  104  8:42  Colossus  
  104  8:47  Probe  
  110  8:49  Gateway  
  110  8:50  Probe  
  110  8:52  Gateway  
  110  8:55  Pylon  
  111  8:57  Nexus  
  69  9:12  Stalker x4  
  69  9:14  Probe  
  61  9:19  Gateway, Probe  
  58  9:27  Probe  
  58  9:41  Stalker x4  
  58  9:43  Probe x2  
  70  10:00  Probe  
  70  10:06  Stalker  
  70  10:07  Stalker x3  
Show
View Real Time Build Order
Export as new Build Order

Gavin Terran 

Build Orders: Reaper Expand 

Get SALT Encoding   

  12  0:00  SCV  
  13  0:12  SCV  
  14  0:16  Supply Depot  
  14  0:24  SCV  
  15  0:38  SCV  
  15  0:39  Barracks  
  16  0:43  Refinery  
  16  0:50  SCV  
  17  1:02  SCV  
  18  1:14  SCV  
  19  1:26  Reaper, Orbital Command  
  20  1:38  Command Center  
  20  1:45  Supply Depot  
  20  1:52  SCV  
  21  1:58  Bunker  
  21  2:00  Barracks Reactor  
  21  2:04  SCV  
  22  2:16  SCV  
  22  2:18  Refinery  
  22  2:19  Factory  
  23  2:28  SCV  
  24  2:38  Marine x2  
  24  2:40  SCV  
  27  2:52  SCV  
  27  2:53  Orbital Command  
  27  2:56  Marine x2  
  30  3:03  Factory Tech Lab  
  30  3:05  SCV, Starport  
  31  3:14  Marine x2  
  31  3:17  Engineering Bay, SCV  
  34  3:20  SCV  
  35  3:29  SCV  
  35  3:32  Marine x2  
  35  3:33  SCV, Cyclone  
  42  3:41  SCV  
  43  3:45  SCV, Terran Infantry Weapons Level 1  
  43  3:49  Marine  
  43  3:50  Marine  
  43  3:53  SCV  
  43  3:55  Starport Tech Lab  
  46  4:03  Missile Turret, Supply Depot  
  46  4:18  Barracks  
  46  4:25  Siege Tank, SCV x2  
  46  4:28  Marine x2  
  53  4:35  Missile Turret  
  53  4:36  Supply Depot  
  53  4:37  SCV, Starport Reactor  
  54  4:38  Barracks  
  54  4:41  Barracks  
  54  4:52  SCV x2  
  53  4:55  Barracks  
  53  4:56  Marine  
  53  4:57  Marine  
  53  4:58  Siege Tank  
  58  5:04  SCV x2  
  58  5:13  Marine  
  59  5:16  SCV x2, Supply Depot  
  61  5:22  Starport Reactor  
  61  5:23  Refinery x2  
  61  5:28  Stimpack, SCV  
  61  5:31  Supply Depot  
  62  5:37  Marine  
  62  5:38  Siege Tank, SCV  
  62  5:39  Supply Depot  
  62  5:40  Barracks Reactor  
  62  5:41  SCV  
  68  5:47  Barracks Tech Lab  
  68  5:48  Barracks Tech Lab  
  68  5:49  Supply Depot  
  68  5:50  SCV  
  68  5:53  SCV  
  68  5:54  Marauder, Marine  
  68  5:55  Marine  
  72  6:02  SCV  
  72  6:05  SCV, Supply Depot, Terran Infantry Armor Level 1  
  72  6:08  Marauder  
  75  6:12  Marine  
  75  6:13  Supply Depot, Marauder, Marine  
  75  6:14  SCV, Supply Depot  
  75  6:15  Marine  
  75  6:17  SCV  
  82  6:19  Medivac  
  82  6:22  Supply Depot  
  82  6:24  Marine x2  
  86  6:26  SCV  
  86  6:29  Marauder  
  86  6:30  Marine  
  86  6:32  Supply Depot  
  90  6:33  Marauder  
  90  6:34  Marauder  
  90  6:37  Siege Tank  
  97  6:46  Marine x2  
  99  6:50  Marauder  
  101  6:55  Marauder, Marine x2  
  101  6:56  Marauder  
  107  7:07  Combat Shield  
  107  7:08  Concussive Shells  
  107  7:09  Marine, Command Center  
  107  7:12  Marauder  
  110  7:15  Marine  
  110  7:16  Marauder, Marine x2  
  110  7:17  Marauder  
  117  7:25  Armory  
  117  7:27  Marine  
  118  7:31  Engineering Bay  
  118  7:33  Marauder, Marine x2  
  118  7:35  Siege Tank  
  125  7:38  Marauder x2  
  125  7:43  Medivac  
  131  7:55  Marauder  
  133  8:00  Marine  
  134  8:06  Marine  
  134  8:12  Marine  
  134  8:16  Supply Depot  
  134  8:21  SCV, Marauder x3, Medivac, Marine x2  
  134  8:24  Marine  
  135  8:30  Marine  
  136  8:38  Marine x2  
  138  8:42  Marine  
  138  8:43  Marauder x3  
  138  8:47  SCV x2  
  138  8:48  Marine  
  147  8:55  Siege Tank  
  147  8:56  Marine x2  
  147  8:59  SCV  
  147  9:00  Marine  
  140  9:03  Marine  
  140  9:04  Marauder x2  
  140  9:06  Medivac, Marine  
  132  9:14  Marine x2  
  129  9:18  Marine  
  129  9:21  Marine  
  129  9:23  Marine  
  130  9:25  Marine x2  
  130  9:27  Siege Tank, Orbital Command  
  135  9:32  Marine x2  
  135  9:36  Medivac, Marine  
  140  9:40  Marauder  
  140  9:41  Marine  
  140  9:43  SCV, Marine x2  
  146  9:46  Missile Turret  
  146  9:50  Marine x2  
  146  9:52  Missile Turret  
  148  9:53  Marine  
  148  9:57  SCV x2  
  148  9:58  SCV  
  148  9:59  Marine  
  146  10:00  Marine x2  
Show
View Real Time Build Order
Export as new Build Order

AzNSuPaHeWo Zerg 

Build Orders: Pool First 

Get SALT Encoding   

  12  0:00  Drone  
  13  0:13  Overlord  
  13  0:17  Drone  
  14  0:32  Drone x2  
  14  0:35  Drone  
  17  0:45  Extractor  
  17  0:46  Drone  
  17  0:53  Spawning Pool  
  17  0:56  Drone  
  17  1:11  Drone  
  18  1:15  Evolution Chamber  
  17  1:24  Hatchery  
  16  1:35  Drone  
  17  1:43  Drone  
  18  1:47  Zerg Melee Weapons Level 1  
  18  1:48  Drone  
  18  1:50  Drone  
  20  2:16  Queen  
  22  2:24  Overlord  
  22  2:25  Metabolic Boost  
  22  2:43  Drone x3  
  25  2:46  Drone  
  25  2:50  Overlord  
  26  2:53  Hatchery  
  25  2:58  Drone x2  
  27  3:07  Queen  
  27  3:10  Zergling x2  
  30  3:13  Zergling x2  
  30  3:19  Zergling x2  
  32  3:20  Zergling x2  
  32  3:24  Zergling x4  
  32  3:26  Zergling x2  
  37  3:34  Zergling x4  
  37  3:38  Zergling x2  
  39  3:43  Zergling x2  
  40  3:53  Zergling x4  
  42  3:58  Zergling x4  
  42  3:59  Overlord  
  42  4:02  Overlord  
  40  4:22  Zergling x10  
  45  4:26  Drone x2  
  47  4:32  Zergling x2  
  47  4:36  Zerg Ground Armor Level 1, Roach Warren  
  47  4:41  Drone x2  
  47  4:44  Drone  
  50  4:51  Hatchery  
  49  4:55  Drone x3  
  40  5:12  Zergling x10  
  41  5:15  Drone x2  
  41  5:20  Extractor, Lair  
  42  5:21  Roach x2  
  42  5:22  Zergling x2  
  48  5:28  Drone x3  
  48  5:31  Drone  
  48  5:34  Roach  
  48  5:35  Zergling x2  
  53  5:41  Roach  
  55  5:49  Roach, Zergling x8  
  61  5:55  Zergling x8  
  64  6:00  Drone  
  63  6:09  Drone  
  63  6:10  Drone  
  62  6:14  Extractor  
  62  6:18  Drone x3  
  64  6:19  Drone x2, Evolution Chamber  
  64  6:20  Drone  
  66  6:25  Drone x2  
  66  6:26  Drone x3  
  66  6:31  Drone  
  72  6:34  Spine Crawler  
  72  6:36  Zergling x2  
  72  6:38  Overlord  
  72  6:39  Overlord x2  
  72  6:48  Glial Reconstitution  
  72  6:53  Overlord x2  
  72  6:54  Drone, Extractor  
  70  7:09  Drone x4  
  70  7:10  Drone x7  
  79  7:18  Roach x3  
  79  7:20  Drone x3  
  88  7:23  Roach  
  88  7:28  Queen  
  92  7:38  Roach x6  
  92  7:39  Roach  
  105  7:45  Infestation Pit  
  105  7:46  Hydralisk Den  
  105  7:50  Roach x3  
  109  7:52  Spore Crawler  
  109  7:55  Spore Crawler  
  105  8:01  Roach x2  
  105  8:02  Roach x2  
  106  8:13  Extractor, Spore Crawler  
  106  8:14  Extractor  
  106  8:16  Spore Crawler  
  100  8:20  Hydralisk x3  
  100  8:21  Hydralisk  
  108  8:32  Hatchery, Spore Crawler  
  108  8:33  Spore Crawler  
  83  8:41  Roach  
  83  8:42  Roach x7  
  99  8:52  Spore Crawler, Grooved Spines  
  99  8:54  Spore Crawler  
  97  9:22  Drone x2  
  97  9:23  Overlord  
  97  9:24  Overlord x5  
  95  9:38  Drone  
  95  9:39  Drone x3  
  97  9:52  Hatchery, Hydralisk x4  
  104  10:00  Drone x4  
Tags
 
Add a new tag
Caveats
  • Supply blocks, unpowered buildings, or Contaminate may cause inaccurate times.
  • Supply counts are checked every 10 seconds.